AoeStats
← Jadwigga

Arabia

510381318Analyzed
1v1 RM · 16h ago on Sep 30, 2026· 51m 4s· 2 players
Game mode
Random Map
Map size
Tiny (2 player)
Population
200
Speed
Normal
Resources
Standard
Victory
Conquest
Starting age
Dark Age
Ending age
Imperial Age
RankedLock teamsTeams togetherTeam positionsShared explorationLock speedFull tech treeHidden civsTurbo modeCheats
Victory
Defeat
🇷🇴 Wei · Romania
1209
+18
🇪🇸 Malians · Spain
1243
-18
Jadwigga
6:37 Loom
9:05 Feudal Age
9:35 Double-Bit Axe
14:18 Fletching
18:12 Padded Archer Armor
20:21 Town Watch
21:20 Gold Mining
24:36 Castle Age
23:33 Scale Barding Armor
24:30 Bloodlines
26:17 Bow Saw
28:25 Horse Collar
29:31 Husbandry
30:43 Forging
32:43 Wheelbarrow
33:37 Chain Barding Armor
34:08 Thumb Ring
35:24 Bodkin Arrow
36:27 Leather Archer Armor
36:29 Heavy Plow
38:35 Hand Cart
42:05 Imperial Age
39:43 Stone Mining
41:40 Iron Casting
41:17 Tuntian
43:05 Bracer
44:06 Chemistry
43:31 Ballistics
43:29 Town Patrol
44:32 Ring Archer Armor
45:03 Blast Furnace
44:41 Gold Shaft Mining
46:07 Parthian Tactics
47:21 Ming Guang Armor
47:18 Conscription
48:48 Light Cavalry
49:02 Elite Tiger Cavalry
Kutxi
6:56 Loom
9:19 Feudal Age
9:56 Double-Bit Axe
9:53 Man-at-Arms
13:40 Padded Archer Armor
21:33 Castle Age
20:43 Forging
20:47 Gold Mining
21:09 Scale Mail Armor
22:25 Bow Saw
23:26 Chain Mail Armor
23:00 Pikeman
24:12 Squires
26:02 Iron Casting
25:39 Long Swordsman
28:03 Town Watch
29:29 Fletching
32:07 Bodkin Arrow
33:46 Elite Skirmisher
35:14 Wheelbarrow
38:11 Imperial Age
37:18 Leather Archer Armor
38:48 Hand Cart
40:24 Plate Mail Armor
40:30 Ballistics
40:45 Stone Mining
40:51 Horse Collar
41:37 Conscription
42:16 Ring Archer Armor
46:02 Chemistry
46:11 Thumb Ring
Connection lost

Rejoining the realm…

Still unreachable

The connection could not be restored.

Session expired

The server has moved on; the page needs a fresh start.